 Dungeon Crawl Stone Soup version 0.30.0-11-gf55b779eaf (webtiles) character file.

Game seed: 5312963130575205878

12735 LobsterGuardian the Arsonist (level 11, -1/120 (124) HPs)
             Began as a Yellow Draconian Fire Elementalist on May 17, 2023.
             Was an Elder of Lugonu.
             Slain by a wraith (6 damage)
             ... on level 11 of the Dungeon.
             The game lasted 00:52:57 (15222 turns).

LobsterGuardian the Arsonist (DrFE)                Turns: 15222, Time: 00:52:58

HP:   -1/120 (124)  AC: 25    Str: 16    XL:     11   Next: 66%
MP:   4/24          EV:  2    Int: 19    God:    Lugonu [****..]
Gold: 510           SH:  0    Dex: 15    Spells: 7/29 levels left

rFire   . . .        k - +8 dagger (chaos)
rCold   . . .        (no shield)
rNeg    . . .        (body armour unavailable)
rPois   +            (helmet currently unavailable)
rElec   .            c - melded +0 cloak
rCorr   .            B - melded +0 pair of gloves
SInv    .            j - melded +1 pair of boots
Will    .....        (no amulet)
Stlth   +++          r - +6 ring of strength
HPRegen 0.40/turn    u - ring of poison resistance
MPRegen 0.19/turn

%: no passive effects
@: tree-form, slowed, lightly drained, invisible, very slow
A: stationary, stasis, torment immunity, boosted hp, (spit acid), AC +7,
unfitting armour, (cold-blooded), (acid resistance), thin skeletal structure 1,
(electricity resistance)
a: Renounce Religion, Depart the Abyss, Banish, Corrupt


You were on level 11 of the Dungeon.
You worshipped Lugonu.
Lugonu was greatly pleased with you.
You were a tree.
You visited 1 branch of the dungeon, and saw 11 of its levels.

You collected 510 gold pieces.

Inventory:

Hand Weapons
 k - a +8 dagger of chaos (weapon)
 x - a +4 short sword
Missiles
 z - a throwing net
Armour
 c - a +0 cloak (melded)
 j - a +1 pair of boots (melded)
 B - a +0 pair of gloves (melded)
Jewellery
 f - a ring of see invisible
 o - a +6 ring of strength
 r - a +6 ring of strength (left branch)
 t - a ring of ice
 u - a ring of poison resistance (right branch)
Wands
 d - a wand of digging (3)
 i - a wand of flame (12)
 v - a wand of iceblast (5)
 w - a wand of charming (7)
 y - a wand of mindburst (21)
Scrolls
 b - a scroll of enchant armour {unknown}
 g - 3 scrolls of amnesia
 m - 5 scrolls of fog
 p - 2 scrolls of vulnerability
Potions
 a - 2 potions of magic
 e - a potion of resistance
 h - 5 potions of ambrosia
 n - 3 potions of flight
 q - 3 potions of attraction
 s - a potion of haste {unknown}
 C - a potion of brilliance


   Skills:
 + Level 3.7 Fighting
 * Level 4.7 Short Blades
 + Level 5.8 Dodging
 - Level 3.0 Stealth
 + Level 9.5 Spellcasting
 - Level 3.0 Conjurations
 - Level 2.0 Hexes
 - Level 3.0 Necromancy
 + Level 10.1 Fire Magic
 - Level 5.0 Air Magic
 * Level 6.0 Invocations


You had 7 spell levels left.
You knew the following spells:

 Your Spells              Type           Power      Damage    Failure   Level
a - Foxfire               Conj/Fire      100%       2x1d9     1%          1
b - Scorch                Fire           94%        2d8       1%          2
c - Inner Flame           Hex/Fire       32%        N/A       1%          3
d - Sticky Flame          Conj/Fire      33%        2d5       5%          4
e - Flame Wave            Conj/Fire      33%        2d10      5%          4
f - Airstrike             Air            14%        2d(2-18)  10%         4
g - Anguish               Hex/Necr       9%         N/A       28%         4

Your spell library contained the following spells:

 Spells                   Type           Power      Damage    Failure   Level
 Shock                    Conj/Air       96%        1d9       1%          1
 Swiftness                Air            28%        N/A       3%          3
 Volatile Blastmotes      Fire/Tloc      56%        2d14      3%          3
 Beastly Appendage        Tmut           18%        N/A       8%          1
 Summon Small Mammal      Summ           36%        N/A       8%          1
 Ensorcelled Hibernation  Hex/Ice        24%        N/A       8%          2
 Passwall                 Tmut/Erth      7%         N/A       12%         2
 Call Canine Familiar     Summ           9%         N/A       24%         3
 Spider Form              Tmut/Pois      9%         N/A       24%         3


Dungeon Overview and Level Annotations

Branches:
Dungeon (11/15)            Temple (0/1) D:4            Lair (0/5) D:10
    Orc (0/2) D:9

Altars:
Dithmenos
Elyvilon
Hepliaklqana
Kikubaaqudgha
Makhleb
Nemelex Xobeh
Okawaru
Ru
Uskayaw
Wu Jian
Xom
Lugonu

Portals:
Abyss: D:3

Annotations:
D:3 2 transporters, ionbeam3's ghost, amateur MfGl
D:6 1 runed translucent door, Darkkill's ghost, novice MiHu
D:11 Nergalle


Innate Abilities, Weirdness & Mutations

You are a tree.
Your roots penetrate the ground, keeping you stationary.
You cannot be teleported.
You are immune to unholy pain and torment.
Your maximum health is greatly increased.
Your equipment is partially melded.
((You can spit globs of acid.))
((Your golden yellow scales are hard. (AC +7)))
You cannot fit into any form of body armour.
((You are cold-blooded and may be slowed by cold attacks.))
((You are resistant to acid. (rCorr)))
You have a somewhat thin skeletal structure. (Dex +2, Stealth+)
((You are resistant to electric shocks. (rElec)))


Message History

Aim: a wraith (heavily damaged, 68% to hit)
The puff of flame hits the wraith.
The wraith is severely damaged.
Unknown command.
Aiming: Throw Flame
Press: ? - help, Shift-Dir - straight line, f/p - wraith
Aim: a wraith (severely damaged, 68% to hit)
The puff of flame hits the wraith.
The wraith is almost destroyed.
A wraith comes into view.
The wraith misses you.
You hit the wraith. You freeze the wraith.
The wraith is almost destroyed.
The boulder beetle is engulfed in blazing flames.
The wraith is engulfed in blazing flames.
You destroy the wraith!
Lugonu accepts your kill.
The boulder beetle leaps!
The boulder beetle curls into a ball and begins rolling!
The boulder beetle hits you!
The boulder beetle stops rolling and uncurls.
The boulder beetle attacks as you move away!
The boulder beetle bites you but does no damage.
The boulder beetle curls into a ball and begins rolling!
It was a potion of lignification.
You turn into a tree.
Your +0 cloak melds into your body.
Your +0 pair of gloves melds into your body.
Your +1 pair of boots melds into your body.
Your roots penetrate the ground.
The boulder beetle hits you!!
* * * LOW HITPOINT WARNING * * *
The boulder beetle stops rolling and uncurls.
The boulder beetle leaps!
You fade into invisibility!
Nergalle points at you and mumbles some strange words.
The bolt of negative energy hits the wraith.
The wraith completely resists.
The bolt of negative energy hits you!!
You feel drained.
* * * LOW HITPOINT WARNING * * *
The wraith hits you.
You die...

.....## ##°.# ......#
#..## ......# #...#
......# ##.#.## ......##
##.##..# >......#
#o.###.## .......# ##.##
#..# .......### ##W##
##.## .........#####
#♣.# #..#
......)......###.##
##.#######
#.....##........##
#........
###...#####.....#
######### ##### ###...#
##B######## # #.###....#
## #........##
.#############.........#


You could see a boulder beetle (unable to see you), Nergalle and a wraith.

Vanquished Creatures
  A two-headed ogre (D:10)
  Amaemon (D:11)
  A cyclops (D:11)
  An oklob plant (D:8)
  An orange demon (D:11)
  An unseen horror (D:11)
  3 gargoyles (D:10)
  2 komodo dragons (D:10)
  2 trolls (D:9)
  Grinder (D:4)
  4 hornets
  2 shadows (D:11)
  2 wyverns
  2 wraiths
  7 yaks
  2 steam dragons (D:7)
  An acid dragon (D:8)
  3 water moccasins
  An ice beast (D:4)
  An orc warrior (D:9)
  3 black bears
  3 ogres
  2 centaurs
  A phantom (D:4)
  3 kobold brigands
  5 bullfrogs
  A gnoll sergeant (D:9)
  6 scorpions
  17 wights
  An oklob sapling (D:8)
  17 killer bees
  6 howler monkeys
  A crimson imp (D:5)
  2 jellies
  3 hounds
  3 orc priests
  A gnoll bouda (D:7)
  7 orc wizards
  2 iguanas
  10 adders
  13 gnolls
  3 shadow imps
  A white imp (D:7)
  2 ufetubi (D:5)
  2 worms
  2 dart slugs (D:3)
  39 orcs
  5 bats (D:1)
  4 endoplasms
  9 hobgoblins
  5 jackals
  23 kobolds
  2 quokkas (D:1)
  10 ball pythons
  6 frilled lizards
  8 goblins
  6 rats
  A lurking horror (D:3)
274 creatures vanquished.

Vanquished Creatures (collateral kills)
  A foxfire (D:8)
1 creature vanquished.

Vanquished Creatures (others)
  A wraith (D:11)
  A centaur (D:11)
  306 foxfires
  A lurking horror (D:3)
309 creatures vanquished.

Grand Total: 584 creatures vanquished

Notes
Turn   | Place    | Note
-------+----------+-------------------------------------------
     0 | D:1      | LobsterGuardian the Draconian Fire Elementalist began the
                  | quest for the Orb.
     0 | D:1      | Reached XP level 1. HP: 14/14 MP: 3/3
   284 | D:1      | Found a faded altar of an unknown god.
   336 | D:1      | Reached XP level 2. HP: 20/20 MP: 5/5
   350 | D:1      | Learned a level 2 spell: Scorch
   791 | D:1      | Reached skill level 4 in Fire Magic
  1153 | D:1      | Reached XP level 3. HP: 26/26 MP: 1/6
  1157 | D:1      | Learned a level 3 spell: Inner Flame
  1631 | D:3      | Found a transporter.
  1645 | D:3      | Found a transporter.
  2479 | D:3      | Found a white marble altar of Elyvilon.
  2546 | D:3      | Reached XP level 4. HP: 33/33 MP: 0/7
  2792 | D:3      | Found a one-way gate to the infinite horrors of the Abyss.
  2793 | D:3      | Found a corrupted altar of Lugonu.
  3024 | D:3      | Became a worshipper of Lugonu the Unformed
  3235 | D:3      | Identified the +5 spear of Currency {venom, rC+ Str+5
                  | Dex-5}
  3235 | D:3      | Identified the +0 scale mail "Isuwnuhi" {Will+ Stlth+}
  3235 | D:3      | Noticed a gnoll sergeant
  3244 | D:3      | Noticed ionbeam3's ghost (amateur MfGl)
  3267 | D:3      | Noticed a scorpion
  3272 | D:3      | Killed a scorpion
  3273 | D:3      | Reached skill level 5 in Fire Magic
  3273 | D:3      | Reached XP level 5. HP: 39/39 MP: 2/9
  3425 | D:4      | Noticed an ice beast
  3436 | D:4      | Killed an ice beast
  3492 | D:4      | Noticed Grinder
  3501 | D:4      | Killed Grinder
  3502 | D:4      | Reached skill level 6 in Fire Magic
  3502 | D:4      | Reached XP level 6. HP: 23/46 MP: 1/11
  4008 | D:4      | Found a staircase to the Ecumenical Temple.
  4020 | D:4      | Your scales start taking on a golden yellow colour.
  4020 | D:4      | Reached XP level 7. HP: 51/51 MP: 1/13
  4020 | D:4      | Gained mutation: You are resistant to acid. (rCorr) [Yellow
                  | Draconian growth]
  4156 | D:4      | Found a sacrificial altar of Ru.
  4740 | D:5      | Entered Level 5 of the Dungeon
  4750 | D:4      | Reached skill level 7 in Fire Magic
  5173 | D:5      | Reached * piety under Lugonu
  5299 | D:5      | Found a burning altar of Makhleb.
  5486 | D:5      | Found a sparkling altar of Nemelex Xobeh.
  5969 | D:5      | Found a shimmering altar of Xom.
  6049 | D:6      | Noticed a wraith
  6170 | D:5      | Reached skill level 8 in Fire Magic
  6170 | D:5      | Reached XP level 8. HP: 32/58 MP: 0/15
  6330 | D:6      | Reached skill level 1 in Fighting
  6330 | D:6      | Reached skill level 5 in Spellcasting
  6330 | D:6      | Reached skill level 1 in Hexes
  6330 | D:6      | Reached skill level 1 in Invocations
  6335 | D:6      | Learned a level 4 spell: Sticky Flame
  6340 | D:6      | Learned a level 4 spell: Flame Wave
  6648 | D:6      | Found a runed translucent door.
  6913 | D:6      | HP: 2/54 [wight/+0 battleaxe (4)]
  7057 | D:6      | Noticed Darkkill's ghost (novice MiHu)
  7568 | D:6      | Reached skill level 9 in Fire Magic
  7576 | D:6      | Reached ** piety under Lugonu
  7904 | D:6      | Gained mutation: You have a somewhat thin skeletal
                  | structure. (Dex +2, Stealth+) [potion of mutation]
  7904 | D:6      | Gained mutation: You do not regenerate when monsters are
                  | visible. [potion of mutation]
  7904 | D:6      | Gained mutation: You possess an exceptional clarity of
                  | mind. [potion of mutation]
  7956 | D:7      | Reached XP level 9. HP: 65/67 MP: 2/18
  8997 | D:7      | Found a hazy altar of Hepliaklqana.
  9003 | D:7      | Reached skill level 10 in Fire Magic
  9790 | D:8      | Found an ornate altar of the Wu Jian Council.
  9882 | D:8      | Learned a level 4 spell: Airstrike
  9889 | D:8      | Learned a level 4 spell: Anguish
  9906 | D:8      | Reached skill level 5 in Dodging
 10052 | D:8      | Reached *** piety under Lugonu
 10055 | D:8      | Reached skill level 1 in Short Blades
 10155 | D:8      | Found an ancient bone altar of Kikubaaqudgha.
 10443 | D:8      | Reached XP level 10. HP: 77/77 MP: 14/20
 10508 | D:8      | Reached skill level 1 in Air Magic
 11026 | D:8      | Noticed an oklob plant
 11086 | D:8      | Killed an oklob plant
 11241 | D:8      | Got the Tome of Nature
 11261 | D:8      | Lost mutation: You have a somewhat thin skeletal structure.
                  | (Dex +2, Stealth+) [potion of mutation]
 11261 | D:8      | Lost mutation: You possess an exceptional clarity of mind.
                  | [potion of mutation]
 11261 | D:8      | Gained mutation: Your tail ends in a venomous barb. [potion
                  | of mutation]
 11262 | D:8      | Lost mutation: Your tail ends in a venomous barb. [potion
                  | of mutation]
 11262 | D:8      | Lost mutation: You do not regenerate when monsters are
                  | visible. [potion of mutation]
 11262 | D:8      | Gained mutation: You have a somewhat thin skeletal
                  | structure. (Dex +2, Stealth+) [potion of mutation]
 11262 | D:8      | Gained mutation: You are resistant to electric shocks.
                  | (rElec) [potion of mutation]
 11373 | D:9      | Found a staircase to the Orcish Mines.
 11568 | D:9      | Reached skill level 1 in Necromancy
 11568 | D:9      | Reached skill level 5 in Air Magic
 12183 | D:9      | Reached skill level 5 in Invocations
 12534 | D:10     | Entered Level 10 of the Dungeon
 12546 | D:10     | Noticed a gargoyle
 12555 | D:10     | Noticed a gargoyle
 12745 | D:10     | Reached **** piety under Lugonu
 12921 | D:10     | Found a hide-covered altar of Uskayaw.
 12921 | D:10     | Found a shadowy altar of Dithmenos.
 12932 | D:10     | Noticed a gargoyle
 12945 | D:10     | Killed a gargoyle
 13060 | D:10     | Killed a gargoyle
 13061 | D:10     | Reached XP level 11. HP: 77/82 MP: 6/22
 13240 | D:10     | Identified the +5 long sword of Light {heavy, *Slow rElec
                  | Will++ SInv}
 13426 | D:10     | Found a staircase to the Lair.
 13880 | D:10     | Found an iron altar of Okawaru.
 13889 | D:10     | Noticed a two-headed ogre
 13910 | D:10     | Killed a two-headed ogre
 14395 | D:11     | Noticed Amaemon
 14410 | D:11     | Killed Amaemon
 14753 | D:11     | Noticed Nergalle
 14754 | D:11     | Noticed a boulder beetle
 14988 | D:11     | Found a shadowy altar of Dithmenos.
 15208 | D:11     | Noticed a boulder beetle
 15222 | D:11     | HP: 5/120 [Nergalle/bolt of negative energy (18)]
 15222 | D:11     | Slain by a wraith

Illustrated notes

Levels and vault maps discovered:
D:1:      roderic_octagonal_star, layout_basic,
          hellmonk_ecumenical_altar_blasted, minmay_tetromino_o2
D:2:      layout_rooms
D:3:      layout_rooms, nicolae_elyvilon_temple_path,
          gammafunk_ghost_gnarly_gnolls, amcnicky_altar_lugonu_corruption
D:4:      layout_basic, mainiacjoe_overflow_surrounded_room,
          minmay_temple_entry_gardened_gates, grunt_decor_clamped, uniq_grinder
D:5:      layout_basic, nemelex_altar_shiori, lemuel_coloured_pillars_altar,
          makhleb_grotto_becter
D:6:      layout_cave_pods, ebering_ghost_sewer_d
D:7:      layout_loops_corners, mainiacjoe_overflow_six_doors_small,
          kennysheep_cross_bottleneck, grunt_ministairs_4, roderic_lattice_a
D:8:      layout_cave_pools, old_standard_altar,
          mainiacjoe_overflow_tiny_flanked, introduction_to_nature_2
D:9:      layout_loops_cross, dk_vineyard_3, fungi_pond_lemuel
D:10:     layout_basic, lemuel_tele_altar, jmf_multi_god_temple,
          due_lair_maze_entry_diamond
D:11:     minmay_the_grid_triangle_9x9_rhombus_full_mashed
          [minmay_the_grid_triangle_9x9_dagger,
          minmay_the_grid_triangle_9x9_tough_junction,
          minmay_the_grid_triangle_9x9_swiss_cheese,
          minmay_the_grid_triangle_9x9_sparse_checkered,
          minmay_the_grid_triangle_9x9_thin_v,
          minmay_the_grid_triangle_9x9_skeleton,
          minmay_the_grid_triangle_9x9_semitri,
          minmay_the_grid_triangle_9x9_prize_center], layout_cave_pods,
          grunt_dithmenos_smoke_and_mirrors, uniq_nergalle, uniq_amaemon

Skill      XL: |  1  2  3  4  5  6  7  8  9 10 11 |
---------------+----------------------------------+-----
Fire Magic     | 4 5 6 8 9 10 | 10.1
Spellcasting   | 3 4 6 7 9 |  9.5
Stealth        | 2 3 |  3.0
Dodging        | 2 5 |  5.8
Fighting       | 2 3 |  3.7
Conjurations   | 2 3 |  3.0
Hexes          | 1 2 |  2.0
Invocations    | 3 5 6 |  6.0
Short Blades   | 2 3 4 |  4.7
Air Magic      | 5 |  5.0
Necromancy     | 3 |  3.0

Action                     |  1- 3 |  4- 6 |  7- 9 | 10-12 || total
---------------------------+-------+-------+-------+-------++-------
  Melee: Unarmed           |     8 |       |       |       ||     8
         Tailslap          |     7 |     6 |     7 |     1 ||    21
         Dagger            |    52 |    36 |    25 |    18 ||   131
         Punch             |       |     1 |     1 |       ||     2
         Short sword       |       |       |    27 |       ||    27
   Cast: Foxfire           |    23 |    14 |    66 |    81 ||   184
         Scorch            |    32 |    22 |    86 |    47 ||   187
         Inner Flame       |       |     3 |    21 |    35 ||    59
         Sticky Flame      |       |       |    18 |     4 ||    22
         Flame Wave        |       |       |     8 |    13 ||    21
         Airstrike         |       |       |       |     7 ||     7
         Anguish           |       |       |       |     5 ||     5
Ability: Breathe Acid      |       |       |     8 |     2 ||    10
  Evoke: Wand              |       |       |       |     6 ||     6
    Use: Scroll            |     8 |       |     7 |    10 ||    25
         Potion            |       |     1 |     7 |    13 ||    21
   Stab: Sleeping          |     3 |       |       |       ||     3
 Armour: Skin              |    21 |    16 |    99 |    36 ||   172
  Dodge: Dodged            |    28 |    19 |   182 |   103 ||   332
